 Dungeon Crawl Stone Soup version 0.23.2 (webtiles) character file.

Game seed: 8913189891624854995

67 KOK29364 the Firebug (level 3, -5/27 HPs)
             Began as a Draconian Fire Elementalist on Apr 8, 2019.
             Slain by a worm (10 damage)
             ... on level 2 of the Dungeon.
             The game lasted 00:08:38 (1271 turns).

KOK29364 the Firebug (Draconian Fire Elementalist)  Turns: 1271, Time: 00:08:39

Health: -5/27      AC:  6    Str: 10    XL:     3   Next: 98%
Magic:  1/6        EV: 13    Int: 16    God:
Gold:   39         SH:  0    Dex: 14    Spells: 3/6 levels left

rFire    . . .     SeeInvis .   a - +0 spear
rCold    . . .     Gourm    .   (no shield)
rNeg     . . .     Faith    .   (armour unavailable)
rPois    .         Spirit   .   (helmet restricted)
rElec    .         Reflect  .   (no cloak)
rCorr    .         Harm     .   f - +0 pair of gloves {Dex+3}
MR       .....                  (no boots)
Stlth    ++........             (no amulet)
HPRegen  0.09/turn              (no ring)
MPRegen  0.10/turn              (no ring)

@: very slightly contaminated
A: unfitting armour, cold-blooded, AC +5
a: no special abilities


You were on level 2 of the Dungeon.
You were not hungry.

You visited 1 branch of the dungeon, and saw 2 of its levels.

You collected 39 gold pieces.

Inventory:

Hand Weapons
 a - a +0 spear (weapon)
 e - a +0 whip
 j - a +0 spear
 l - a +0 hunting sling
Missiles
 m - 28 stones (quivered)
Armour
 f - a +0 pair of gloves of dexterity (worn)
 i - a +0 robe
Scrolls
 h - a scroll of fog
Potions
 c - a potion of heal wounds {unknown}
 d - a potion of curing {unknown}
 k - a potion of invisibility {unknown}
Comestibles
 b - 3 rations
 g - a chunk of flesh


   Skills:
 + Level 0.4 Fighting
 + Level 0.2 Maces & Flails
 + Level 1.5 Polearms
 + Level 2.3 Dodging
 + Level 2.3 Stealth
 + Level 2.3 Spellcasting
 + Level 1.1 Conjurations
 + Level 3.2 Fire Magic


You had 3 spell levels left.
You knew the following spells:

 Your Spells              Type           Power        Failure   Level  Hunger
a - Flame Tongue          Conj/Fire      #....        9%          1    #......
b - Throw Flame           Conj/Fire      #.....       12%         2    ###....

Your spell library contained the following spells:

 Spells                   Type           Power        Failure   Level  Hunger
 Conjure Flame            Conj/Fire      #.......     24%         3    ###....
 Inner Flame              Hex/Fire       #.......     30%         3    ###....
 Sticky Flame             Conj/Fire      #.......     63%         4    #####..
 Fireball                 Conj/Fire      #.........   92%         5    ######.


Dungeon Overview and Level Annotations

Branches:
Dungeon (2/15)

Altars:


Innate Abilities, Weirdness & Mutations

Your plain brown scales are hard. (AC +5)
You cannot fit into any form of body armour.
You are cold-blooded and may be slowed by cold attacks.


Message History

Press: ? - help, Shift-Dir - straight line, f/p - worm
Aim: a worm (moderately wounded)
You miscast Flame Tongue.
Nothing appears to happen.
Throwing (i - inventory)
m - 29 stones (quivered)
Press: ? - help, Shift-Dir - straight line, f/p - worm
Aim: a worm (moderately wounded)
You throw a stone.
The stone hits the worm but does no damage.
The worm is moderately wounded.
You hit the worm but do no damage.
The worm is moderately wounded.
The worm closely misses you.
Casting: Flame Tongue (safe; 9% risk of failure)
Confirm with . or Enter, or press ? or * to list all spells.
Aiming: Throw Flame (safe; 12% risk of failure)
Press: ? - help, Shift-Dir - straight line, f/p - worm
Aim: a worm (moderately wounded)
The puff of flame misses the worm.
You closely miss the rat. The worm bites you!
You die...

########## ...# #
#.....)... ...# .#
#......... .#.# .#
#......... ...#..#
#......... #..#.#
#..r...... .....
######@...#
.†.########..(.w.##.#
#$.....†.†..#######.###
##........##..........#
..........##......^...#
#.........##..........#
#.........##..........#
#.........##..........#
#....†....####.##.#.###


You could see a worm and a rat.

Vanquished Creatures
  Natasha (D:2)
  An adder (D:2)
  A dart slug (D:1)
  A leopard gecko (D:1)
  2 ball pythons
  8 bats
  3 giant cockroaches (D:1)
  4 hobgoblins
  2 frilled lizards
  3 goblins
  A kobold (D:1)
  3 rats (D:1)
30 creatures vanquished.

Notes
Turn   | Place    | Note
-------+----------+-------------------------------------------
     0 | D:1      | KOK29364 the Draconian Fire Elementalist began the quest
                  | for the Orb.
     0 | D:1      | Reached XP level 1. HP: 14/14 MP: 3/3
   150 | D:1      | Reached XP level 2. HP: 18/20 MP: 1/5
   154 | D:1      | Learned a level 2 spell: Throw Flame
  1112 | D:2      | Noticed Natasha
  1122 | D:2      | Noticed a crimson imp
  1133 | D:2      | Killed Natasha
  1133 | D:2      | Reached skill level 1 in Polearms
  1133 | D:2      | Reached XP level 3. HP: 24/27 MP: 2/6
  1271 | D:2      | Slain by a worm

Skill      XL: |  1  2 |
---------------+-------+-----
Stealth        | 2 |  2.3
Dodging        | 2 |  2.3
Polearms       | 1 |  1.5
Fighting       | |  0.4
Maces & Flails | |  0.2
Spellcasting   | |  2.3
Conjurations   | |  1.1
Fire Magic     | |  3.2

Action                   || total
-------------------------++-------
Melee: Whip              ||    13
       Tailslap          ||     8
       Spear             ||    85
Throw: Stone             ||     1
 Cast: Flame Tongue      ||    26
       Throw Flame       ||     5
  Use: Scroll            ||     2
  Eat: Ration            ||     1
Armor: Skin              ||    41
Dodge: Dodged            ||    66
